 Dungeon Crawl Stone Soup version 0.20.1-1-g8b1a95d (console) character file.

6 bli the Magician (level 2, -5/19 HPs)
             Began as a Formicid Wanderer on Aug 15, 2017.
             Slain by a hobgoblin
             ... wielding a +0 club
              (6 damage)
             ... on level 1 of the Dungeon.
             The game lasted 00:03:23 (447 turns).

bli the Magician (Formicid Wanderer)                 Turns: 447, Time: 00:03:24

Health: -5/19      AC:  4    Str: 13    XL:     2   Next: 0%
Magic:  0/6        EV: 10    Int: 14    God:
Gold:   34         SH:  0    Dex: 13    Spells: 7/8 levels left

rFire    . . .     SeeInvis +   d - +0 blowgun
rCold    . . .     Gourm    .   (no shield)
rNeg     . . .     Faith    .   l - +0 leather armour
rPois    .         Spirit   .   (helmet unavailable)
rElec    .         Reflect  .   (no cloak)
rCorr    .         Harm     .   (no gloves)
MR       .....                  o - +0 pair of boots (curse)
Stlth    +.........             (no amulet)
Regen    0.1/turn               g - +3 ring of dexterity
MPRegen  0.1/turn               (no ring)

@: no status effects
A: permanent stasis, dig shafts and tunnels, four strong arms, antennae 3
a: Dig, Shaft Self


You were on level 1 of the Dungeon.
You were not hungry.

You visited 1 branch of the dungeon, and saw 1 of its levels.

You collected 34 gold pieces.

Inventory:

Hand Weapons
 d - a +0 blowgun (weapon)
Missiles
 c - 5 poisoned needles (quivered)
 n - 24 stones
Armour
 e - a +0 robe
 l - a +0 leather armour (worn)
 o - a cursed +0 pair of boots (worn)
Jewellery
 g - a +3 ring of dexterity (left hand)
Scrolls
 h - 2 scrolls of enchant armour {unknown}
 i - 2 scrolls of remove curse {unknown}
 j - a scroll of identify {unknown}
Books
 a - a Young Poisoner's Handbook

   Spells                             Type                      Level
   a - Sting                          Conjuration/Poison           1
   b - Poisonous Vapours              Poison/Air                   2
   c - Mephitic Cloud                 Conjuration/Poison/Air       3
   d - Olgreb's Toxic Radiance        Poison                       4
   e - Venom Bolt                     Conjuration/Poison           5
 b - the Reference Book on Good Luck

   Spells                             Type                      Level
   a - Swiftness                      Charms/Air                   2
   b - Song of Slaying                Charms                       2
Comestibles
 f - 2 bread rations
 k - 4 fruits
 m - a meat ration
 p - a royal jelly


   Skills:
 - Level 1.0 Throwing
 + Level 3.6 Spellcasting
   Level 2.6 Translocations
   Level 1.0 Fire Magic
 + Level 1.5 Poison Magic
   Level 1.1 Evocations


You had 7 spell levels left.
You knew the following spells:

 Your Spells              Type           Power        Failure   Level  Hunger
a - Sting                 Conj/Pois      #...         19%         1    None


Dungeon Overview and Level Annotations

Branches:
Dungeon (1/15)

Altars:


Innate Abilities, Weirdness & Mutations

You cannot be hasted, slowed, berserked, paralysed or teleported.
You can dig through walls and to a lower floor.
Your four strong arms can wield two-handed weapons with a shield.
You have a pair of large antennae on your head. (SInv)


Message History

Firing (i - inventory. (,) - cycle):
c - 8 poisoned needles (quivered)
Press: ? - help, Shift-Dir - straight line, f/p - hobgoblin
Aim: a hobgoblin, wielding a club (almost dead)
You shoot a poisoned needle. The poisoned needle hits the hobgoblin.
The hobgoblin is almost dead.
Firing (i - inventory. (,) - cycle):
c - 7 poisoned needles (quivered)
Press: ? - help, Shift-Dir - straight line, f/p - hobgoblin
Aim: a hobgoblin, wielding a club (almost dead)
You shoot a poisoned needle.
The poisoned needle closely misses the hobgoblin.
The hobgoblin hits you with a club.
* * * LOW HITPOINT WARNING * * *
Your magical contamination has completely faded away.
Firing (i - inventory. (,) - cycle):
c - 6 poisoned needles (quivered)
Press: ? - help, Shift-Dir - straight line, f/p - hobgoblin
Aim: a hobgoblin, wielding a club (almost dead)
You shoot a poisoned needle.
The poisoned needle barely misses the hobgoblin.
The hobgoblin hits you with a club.
You die...

###....#
#.##.............# #.
##...#
#.....(..........# #.
##...###
##[.............## ##
#......#
#.#............##
#......#
#.#......#####..#
##......#
#.#....#........#####
##....####
#.#..(.#########.....
...####
..#....######....####
####
#####.........#### #
#..##..g..######## #
.......@..#
#####.....# #######


You could see a hobgoblin.

Vanquished Creatures
  A bat (D:1)
  A goblin (D:1)
  A hobgoblin (D:1)
  A frilled lizard (D:1)
  A kobold (D:1)
  A rat (D:1)
6 creatures vanquished.

Notes
Turn   | Place    | Note
-------+----------+-------------------------------------------
     0 | D:1      | bli the Formicid Wanderer began the quest for the Orb.
     0 | D:1      | bli set off with: a Young Poisoner's Handbook, the Reference Book on Good Luck, 9 poisoned needles, a +0 blowgun, a +0 robe, a bread ration
     0 | D:1      | Reached XP level 1. HP: 13/13 MP: 4/4
     2 | D:1      | Learned a level 1 spell: Sting
   358 | D:1      | Reached XP level 2. HP: 19/19 MP: 3/6
   359 | D:1      | Identified the Reference Book on Good Luck
   447 | D:1      | Slain by a hobgoblin

Action                   || total
-------------------------++-------
 Fire: Blowgun           ||     4
 Cast: Sting             ||    17
Armor: Leather armour    ||     1
Dodge: Dodged            ||     2
